 Dungeon Crawl Stone Soup version 0.28.0-1-gb440e238dd (webtiles) character file.

Game seed: 2486957182492782138

33 Sanktem7 the Skirmisher (level 3, -7/33 HPs)
             Began as a Minotaur Fighter on Feb 25, 2022.
             Mangled by Sigmund (11 damage)
             ... on level 2 of the Dungeon.
             The game lasted 00:01:31 (988 turns).

Sanktem7 the Skirmisher (Minotaur Fighter)           Turns: 988, Time: 00:01:31

Health: -7/33      AC:  6    Str: 22    XL:     3   Next: 12%
Magic:  2/2        EV: 10    Int:  5    God:
Gold:   76         SH:  4    Dex:  9    Spells: 2/2 levels left

rFire   + . .      SeeInvis .   a - +0 war axe {axe}
rCold   . . .      Faith    .   c - +0 buckler
rNeg    . . .      Spirit   .   m - +1 ring mail {rF+}
rPois   .          Reflect  .   (helmet restricted)
rElec   .          Harm     .   (no cloak)
rCorr   .          Rampage  .   (no gloves)
Will    .....                   (no boots)
Stlth   ..........              (no amulet)
HPRegen 0.11/turn               (no ring)
MPRegen 0.08/turn               (no ring)

@: no status effects
A: horns 2, retaliatory headbutt
a: no special abilities


You were on level 2 of the Dungeon.
You visited 1 branch of the dungeon, and saw 2 of its levels.

You collected 76 gold pieces.


Innate Abilities, Weirdness & Mutations

You have a pair of horns on your head.
You reflexively headbutt those who attack you in melee.


   Skills:
 * Level 4.3 Fighting
 * Level 3.3 Axes
 + Level 4.0 Armour
 - Level 3.6 Shields


You had 2 spell levels left.
You didn't know any spells.
Your spell library was empty.

Inventory:

Hand Weapons
 a - a +0 war axe (weapon) {axe}
Missiles
 b - 19 arrows
 h - 11 sling bullets
 k - 26 stones (quivered) {throwing}
Armour
 c - a +0 buckler (worn)
 m - a +1 ring mail of fire resistance (worn)
   (You found it on level 2 of the Dungeon)
Scrolls
 f - 2 scrolls of identify {unknown}
 i - a scroll of enchant armour {unknown}
 j - 2 scrolls of fear {unknown}
 l - a scroll of brand weapon {unknown}
Potions
 d - 2 potions of might
 e - a potion of degeneration {unknown}

Dungeon Overview and Level Annotations

Branches:
Dungeon (2/15)

Altars:

Shops:
D:2 !

Annotations:
D:2 Sigmund

##...## #.# ##.....##
..# #....[..# #.##
#.......# #..#
#.......# # #..#
##......##
###.#####..###........#
........#...#.........#
......{@..............#
.........:<>..##.....##
........#..#$.###...##
........#..##.# #####
?.#.##....###.# . ##
#.>#.# #.# #.###.# #..
## ..# ##. . ##


There were no monsters in sight!


Message History

A bat is nearby!
A bat is nearby!
A bat is nearby!
A bat is nearby!
A bat is nearby!
A bat is nearby!
A bat is nearby!
A bat is nearby!
The bat barely misses you.
You closely miss the bat. You headbutt the bat.
You kill the bat!
Your Armour skill increases to level 4!
No target in view!
No target in view!
No target in view!
No target in view!
No target in view!
There is an open door here.
There is an open door here.
Key pressed, stopping explore.
Key pressed, stopping explore.
Done exploring.
Done exploring.
Done exploring.
Done exploring.
Done exploring.
Done exploring.
Done exploring.
Done exploring.
No target in view!
There is an open door here.
There is a stone staircase leading down here.
You climb downwards.
A sourceless malevolence fills the Dungeon... and a teleportation trap spontaneously manifests!
You are yanked towards a nearby monster!
Your surroundings suddenly seem different.
A dart slug comes into view.
Found a shiny ring mail.
Found a stone staircase leading down.
You slash the dart slug!
You kill the dart slug!
No target in view!
Found a stone staircase leading up.
You see here a +1 ring mail of fire resistance.
You see here a +1 ring mail of fire resistance.
m - a +1 ring mail of fire resistance You start removing your armour.
You continue taking off your +1 ring mail of willpower. x4
You finish taking off your +1 ring mail of willpower.
You feel less strong-willed.
You start putting on your armour.
You continue putting on your +1 ring mail of fire resistance. x5
You finish putting on your +1 ring mail of fire resistance.
You feel resistant to fire.
You drop a +1 ring mail of willpower.
You drop a +0 scale mail.
Found a stone staircase leading down.
b - 19 arrows Sigmund the Dreaded comes into view.
He is wielding a +0 scythe.
You see here 4 gold pieces.
Sigmund says, "I'm your fate." Sigmund gestures at you while chanting.
The puff of flame misses you.
There is a stone staircase leading down here.
Sigmund points at you and mumbles some strange words.
You resist with significant effort. Sigmund gestures at you while chanting.
You resist with significant effort. Sigmund barely misses you.
You closely miss Sigmund. You headbutt Sigmund!
Sigmund mumbles some strange words.
Sigmund flickers and vanishes!
Deactivating autopickup; reactivate with Ctrl-A.
Something hits you but does no damage.
You miss something. Your headbutt misses something.
You block something's attack.
You miss something. Something hits you! 😮 HP[-10]
You take 10 damage, and now have 23/33 hp.
MASSIVE DAMAGE!! (PAUSE)
You barely miss something. Something hits you!
* * * LOW HITPOINT WARNING * * *
😨 HP[-10]
You take 10 damage, and now have 13/33 hp.
MASSIVE DAMAGE!! (PAUSE)
You miss something. Something completely misses you.
You closely miss something. You hit something. You headbutt something.
You hear some strange, mumbled words.
A puff of flame appears from out of thin air!
The puff of flame hits you. You resist.
* * * LOW HITPOINT WARNING * * *
You hear some strange, mumbled words.
A magic dart appears from out of thin air!
The magic dart hits you.
* * * LOW HITPOINT WARNING * * *
😱 HP[-9]
You take 9 damage, and now have 4/33 hp.
MASSIVE DAMAGE!! (PAUSE)
You miss something. Your headbutt misses something. Something hits you!
You die...

Skill      XL: |  1  2  3 |
---------------+----------+-----
Fighting       | 4 |  4.3
Axes           | 3 |  3.3
Armour         | 4 |  4.0
Shields        | |  3.6

Action                   || total
-------------------------++-------
Melee: War axe           ||    53
       Headbutt          ||     8
Armor: Ring mail         ||    28
       Scale mail        ||     2
Dodge: Dodged            ||    38
Block: Buckler           ||    15

Levels and vault maps discovered:
D:1:      dpeg_arrival_line_fractal, layout_loops_corners, minmay_domino_2
D:2:      layout_rooms, shapermc_ecumenical_altar_flowoftime, serial_shops,
          shop, minmay_tripent, uniq_sigmund

Notes
Turn   | Place    | Note
-------+----------+-------------------------------------------
     0 | D:1      | Sanktem7 the Minotaur Fighter began the quest for the Orb.
     0 | D:1      | Reached XP level 1. HP: 19/19 MP: 0/0
     0 | D:1      | magus.rc [v1.9.6]
   220 | D:1      | Reached XP level 2. HP: 27/27 MP: 1/1
   283 | D:1      | Reached skill level 4 in Fighting
   485 | D:1      | Reached skill level 3 in Axes
   675 | D:1      | Reached XP level 3. HP: 33/33 MP: 2/2
   820 | D:1      | Reached skill level 4 in Armour
   942 | D:2      | Found Nybb's Distillery.
   975 | D:2      | Noticed Sigmund
   987 | D:2      | HP: 4/33 [something/magic dart (5)]
   988 | D:2      | Mangled by Sigmund

Vanquished Creatures
  3 dart slugs
  2 bats (D:1)
  An endoplasm (D:1)
  A hobgoblin (D:1)
  10 jackals (D:1)
  2 ball pythons (D:1)
  3 kobolds (D:1)
  3 rats (D:1)
25 creatures vanquished.

Table legend:
 A = Non-vault XP
 B = Vault XP
 C = Vault XP percentage of total XP
 D = Non-vault monster count
 E = Vault monster count
 F = Vault count percentage of total count
                 A         B        C        D         E       F
            +---------+---------+-------+---------+---------+-------
      Total |      47 |       1 |   2.1 |      24 |       1 |   4.0
            +---------+---------+-------+---------+---------+-------
        D:1 |      43 |       1 |   2.3 |      23 |       1 |   4.2
        D:2 |       4 |       0 |   0.0 |       1 |       0 |   0.0
            +---------+---------+-------+---------+---------+-------

Illustrated notes

Table legend:
 A = Kills in this place as a percentage of kills in entire the game.
 B = Kills by you in this place as a percentage of kills by you in the entire game.
 C = Kills by friends in this place as a percentage of kills by friends in the entire game.
 D = Other kills in this place as a percentage of other kills in the entire game.
 E = Experience gained in this place as a percentage of experience gained in the entire game.
 F = Experience gained in this place divided by the number of levels of this place that you have seen.
                   A       B       C       D       E      F
               +-------+-------+-------+-------+-------+----------------------
         Total | 100.0 | 100.0 |   N/A |   N/A | 100.0 |  24.0
       Dungeon | 100.0 | 100.0 |   N/A |   N/A | 100.0 |  24.0
               +-------+-------+-------+-------+-------+----------------------

Table legend: (Time is in decaauts)
 A = Elapsed time spent in this place.
 B = Non-inter-level travel time spent in this place.
 C = Inter-level travel time spent in this place.
 D = Time resting spent in this place.
 E = Time spent auto-exploring this place.
 F = Levels seen in this place.
 G = Mean time per level.
                   A        B        C        D        E       F      G
               +--------+--------+--------+--------+--------+-----+--------+
         Total |   1008 |    970 |     38 |      0 |    789 |   2 |  504.0 |
       Dungeon |   1008 |    970 |     38 |      0 |    789 |   2 |  504.0 |
               +--------+--------+--------+--------+--------+-----+--------+

Top non-repeatable levels by time:
     D:1: 959 daAuts
     D:2: 49 daAuts
